[Event "33rd Pula Open 2019"]
[Site "Pula"]
[Date "2019.06.26"]
[Round "6.11"]
[White "Bakker, Guido"]
[Black "Maier, Christian"]
[Result "0-1"]
[ECO "A53"]
[WhiteElo "2208"]
[BlackElo "2299"]
[Annotator "NA"]
[PlyCount "68"]
[EventDate "2019.06.22"]
[EventType "swiss"]
[EventCountry "CRO"]
[SourceTitle "playchess.com"]
[Source "ChessBase"]
[SourceQuality "1"]
[TimeControl "5400+30"]

1. d4 Nf6 2. c4 d6 3. Nc3 e5 4. e4 exd4 5. Qxd4 Nc6 6. Qd2 g6 7. b3 Bg7 8. Bb2 O-O 9. Bd3 Re8 10. f3 a5 11. Nge2 Ne5 12. Bc2 a4 13. O-O a3 14. Bc1 c6 15. Rb1 d5 16. cxd5 cxd5 17. exd5 Bd7 18. Kh1 b5 19. Rd1 b4 20. Ne4 Nxe4 21. Bxe4 Rc8 22. d6 Qb6 23. Nf4 f5 24. Bd5+ Kh8 25. Qe1 g5 26. Be3 Qa6 27. Nh5 Nd3 28. Nxg7 Nxe1 29. Bc4 Rxc4 30. Nxe8 Nxg2 31. Nc7 Qc6 32. Kxg2 Rc2+ 33. Bf2 g4 34. Nd5 Qc5 0-1

[Event "33rd Pula Open 2019"]
[Site "Pula"]
[Date "2019.06.26"]
[Round "6.12"]
[White "Jakrlin, Mihael"]
[Black "Kyc, Jerzy"]
[Result "1/2-1/2"]
[ECO "D46"]
[WhiteElo "1925"]
[BlackElo "2279"]
[Annotator "NA"]
[PlyCount "72"]
[EventDate "2019.06.22"]
[EventType "swiss"]
[EventCountry "CRO"]
[SourceTitle "playchess.com"]
[Source "ChessBase"]
[SourceQuality "1"]
[TimeControl "5400+30"]

1. d4 d5 2. c4 c6 3. Nf3 Nf6 4. e3 e6 5. Bd3 Bd6 6. Nc3 O-O 7. O-O Nbd7 8. b3 Qe7 9. e4 dxe4 10. Nxe4 Nxe4 11. Bxe4 Nf6 12. Bc2 c5 13. Bb2 cxd4 14. Qxd4 Ba3 15. Bc3 Bb4 16. Bb2 Ba3 17. Bc3 Rd8 18. Qh4 h6 19. Rad1 Bd7 20. Ne5 Be8 21. Ng4 Nxg4 22. Qxg4 Qg5 23. Qxg5 hxg5 24. Be4 Bc6 25. Bxc6 bxc6 26. Ba5 Rxd1 27. Rxd1 Bc5 28. Rd7 Bb6 29. Bd2 Rd8 30. Rxd8+ Bxd8 31. Be3 a6 32. f3 f5 33. Kf2 Kf7 34. h3 e5 35. g4 g6 36. Ke2 Ke6 1/2-1/2

[Event "33rd Pula Open 2019"]
[Site "Pula"]
[Date "2019.06.26"]
[Round "6.13"]
[White "Burg, Brent"]
[Black "Biti, Ozren"]
[Result "0-1"]
[ECO "C41"]
[WhiteElo "2152"]
[BlackElo "2374"]
[Annotator "NA"]
[PlyCount "48"]
[EventDate "2019.06.22"]
[EventType "swiss"]
[EventCountry "CRO"]
[SourceTitle "playchess.com"]
[Source "ChessBase"]
[SourceQuality "1"]
[TimeControl "5400+30"]

1. d4 d6 2. e4 Nf6 3. Nc3 e5 4. Nf3 Nbd7 5. Bc4 Be7 6. O-O O-O 7. Re1 c6 8. a4 a5 9. h3 exd4 10. Nxd4 Nc5 11. Ba2 Be6 12. Nxe6 fxe6 13. e5 dxe5 14. Qxd8 Raxd8 15. Rxe5 Nd5 16. Bxd5 cxd5 17. Bg5 Bxg5 18. Rxg5 Rf4 19. Re1 Rc4 20. Rg4 d4 21. Rd1 e5 22. f4 Ne6 23. Ne2 Rxc2 24. Kf1 d3 0-1

[Event "33rd Pula Open 2019"]
[Site "Pula"]
[Date "2019.06.26"]
[Round "6.14"]
[White "Filipovic, Branko"]
[Black "Sestic, Nermin"]
[Result "1-0"]
[ECO "C00"]
[WhiteElo "2371"]
[BlackElo "2149"]
[Annotator "NA"]
[PlyCount "90"]
[EventDate "2019.06.22"]
[EventType "swiss"]
[EventCountry "CRO"]
[SourceTitle "playchess.com"]
[Source "ChessBase"]
[SourceQuality "1"]
[TimeControl "5400+30"]

1. e4 e6 2. f4 d5 3. e5 c5 4. Nf3 Nc6 5. c3 Qb6 6. Na3 a6 7. Nc2 Nge7 8. d3 h5 9. g3 Nf5 10. Bh3 g6 11. Qe2 Be7 12. O-O Bd7 13. Ng5 Qc7 14. Re1 b5 15. Qf2 c4 16. dxc4 bxc4 17. Nf3 Rb8 18. Bxf5 gxf5 19. h4 Qa5 20. Rd1 Bc5 21. Be3 Bxe3 22. Nxe3 Ne7 23. Rd2 Nc8 24. Nd4 Nb6 25. Nd1 Na4 26. b4 Qb6 27. Rc1 Rg8 28. Ne3 Rg6 29. Kh2 Ke7 30. Ndxf5+ Kf8 31. Nd4 Qc7 32. Qf3 a5 33. a3 Nb6 34. Qxh5 Kg7 35. Qf3 Rh8 36. Rg2 Kf8 37. Rf1 Rg7 38. Ng4 Bc8 39. Nf6 Nd7 40. Nxd7+ Bxd7 41. Rb1 axb4 42. axb4 Rgh7 43. Qf2 Ke7 44. Ra1 Rb8 45. Nf3 Qd8 1-0

[Event "33rd Pula Open 2019"]
[Site "Pula"]
[Date "2019.06.26"]
[Round "6.15"]
[White "Trkulja, Goran"]
[Black "Van der Zon, Stef"]
[Result "1/2-1/2"]
[ECO "E60"]
[WhiteElo "2299"]
[BlackElo "2148"]
[Annotator "NA"]
[PlyCount "106"]
[EventDate "2019.06.22"]
[EventType "swiss"]
[EventCountry "CRO"]
[SourceTitle "playchess.com"]
[Source "ChessBase"]
[SourceQuality "1"]
[TimeControl "5400+30"]

1. Nf3 Nf6 2. c4 g6 3. b3 Bg7 4. Bb2 O-O 5. g3 c5 6. Bg2 Nc6 7. O-O d6 8. d4 Ne4 9. h3 f5 10. e3 e6 11. Qc1 Qf6 12. a3 g5 13. Ra2 e5 14. dxe5 dxe5 15. Nfd2 Nd6 16. Nc3 Qh6 17. Nb5 Ne8 18. f4 a6 19. Nc3 gxf4 20. gxf4 e4 21. Nd5 Be6 22. Nb1 Rd8 23. Bxg7 Qxg7 24. Nbc3 Nf6 25. Rd2 Kh8 26. Qb2 Bxd5 27. Nxd5 Nxd5 28. Qxg7+ Kxg7 29. cxd5 Rd6 30. Rc1 Na5 31. Rc3 Rfd8 32. b4 cxb4 33. axb4 Nc6 34. Bxe4 fxe4 35. Rg2+ Kf7 36. dxc6 bxc6 37. Rc4 Re8 38. Ra2 h5 39. h4 Rd1+ 40. Kh2 Re1 41. Rc3 Rd8 42. Rxc6 Rxe3 43. Rcxa6 Rdd3 44. Ra7+ Ke6 45. Rg7 Rh3+ 46. Kg2 Rxh4 47. Rg5 Rxf4 48. Rxh5 Rg4+ 49. Kh2 e3 50. Ra6+ Kf7 51. Rh7+ Kg8 52. Re7 Rg7 53. Rxg7+ Kxg7 1/2-1/2

[Event "33rd Pula Open 2019"]
[Site "Pula"]
[Date "2019.06.27"]
[Round "7.1"]
[White "Boric, Muhamed"]
[Black "Jovanovic, Zoran"]
[Result "1/2-1/2"]
[ECO "B07"]
[WhiteElo "2361"]
[BlackElo "2503"]
[Annotator "ChessBase"]
[PlyCount "24"]
[EventDate "2019.06.22"]
[EventType "swiss"]
[EventCountry "CRO"]
[SourceTitle "playchess.com"]
[Source "ChessBase"]
[SourceQuality "1"]
[TimeControl "5400+30"]

1. d4 d6 2. Nf3 g6 3. e4 Nf6 4. Bd3 Bg7 5. O-O O-O 6. c3 Nbd7 7. Re1 e5 8. Nbd2 b6 9. Nf1 Bb7 10. Ng3 Re8 11. Bd2 a6 12. Qb3 c6 1/2-1/2

[Event "33rd Pula Open 2019"]
[Site "Pula"]
[Date "2019.06.27"]
[Round "7.2"]
[White "Saric, Ante"]
[Black "Tratar, Marko"]
[Result "1-0"]
[ECO "E00"]
[WhiteElo "2542"]
[BlackElo "2463"]
[Annotator "ChessBase"]
[PlyCount "137"]
[EventDate "2019.06.22"]
[EventType "swiss"]
[EventCountry "CRO"]
[SourceTitle "playchess.com"]
[Source "ChessBase"]
[SourceQuality "1"]
[TimeControl "5400+30"]

1. d4 Nf6 2. c4 e6 3. g3 Bb4+ 4. Bd2 Bxd2+ 5. Qxd2 d5 6. Bg2 c6 7. Nf3 b6 8. Ne5 O-O 9. Nc3 Ba6 10. cxd5 cxd5 11. O-O Nbd7 12. f4 Qe7 13. Rac1 Rac8 14. Rc2 Rfd8 15. Rfc1 Qf8 16. e3 h6 17. a3 Nxe5 18. fxe5 Nd7 19. Bf1 Bxf1 20. Rxf1 Qe8 21. e4 f6 22. exd5 fxe5 23. d6 Qg6 24. Rcc1 Qg5 25. Qxg5 hxg5 26. d5 exd5 27. Nxd5 Rxc1 28. Ne7+ Kh7 29. Rxc1 Nc5 30. b4 Ne4 31. Nc8 Nxd6 32. Nxa7 Rd7 33. Nc6 Rc7 34. a4 Nf5 35. b5 Nd4 36. Rc4 Nxc6 37. Kg2 g4 38. Rxc6 Ra7 39. Rc4 Kg6 40. Rxg4+ Kf5 41. Rc4 Ke6 42. Kf3 Kd5 43. Rg4 Rc7 44. h4 Rc3+ 45. Kf2 Rc7 46. Ke3 Rc3+ 47. Kd2 Rc7 48. Kd3 Rf7 49. Ke3 Rc7 50. h5 Ra7 51. Kd3 Rf7 52. Rg5 Rf3+ 53. Ke2 Rf7 54. Rg6 Ra7 55. Rxb6 Rxa4 56. Rg6 Kd4 57. Rxg7 Ra2+ 58. Kf3 e4+ 59. Kg4 e3 60. Rd7+ Ke4 61. Re7+ Kd3 62. h6 Rh2 63. Kg5 e2 64. b6 Rh3 65. g4 Re3 66. Rxe3+ Kxe3 67. b7 e1=Q 68. b8=Q Qa5+ 69. Kh4 1-0

[Event "33rd Pula Open 2019"]
[Site "Pula"]
[Date "2019.06.27"]
[Round "7.3"]
[White "Medak, Bojan"]
[Black "Zelcic, Robert"]
[Result "0-1"]
[ECO "A28"]
[WhiteElo "2342"]
[BlackElo "2518"]
[Annotator "ChessBase"]
[PlyCount "72"]
[EventDate "2019.06.22"]
[EventType "swiss"]
[EventCountry "CRO"]
[SourceTitle "playchess.com"]
[Source "ChessBase"]
[SourceQuality "1"]
[TimeControl "5400+30"]

1. c4 Nf6 2. Nc3 e5 3. Nf3 Nc6 4. e3 d5 5. cxd5 Nxd5 6. Bb5 Nxc3 7. bxc3 Bd6 8. d4 e4 9. Nd2 Qg5 10. Bf1 Qg6 11. Qc2 f5 12. Rb1 O-O 13. g3 Kh8 14. Nc4 Be7 15. Ba3 Bxa3 16. Nxa3 a6 17. Nc4 b5 18. Nd2 Ne7 19. Bg2 Be6 20. O-O c5 21. dxc5 Rac8 22. Rfd1 Rxc5 23. Nb3 Rc7 24. Qb2 Nd5 25. Ra1 Bg8 26. Rd4 Nxc3 27. Qa3 Ne2+ 28. Kf1 Nxd4 29. Qxf8 Nxb3 30. axb3 h6 31. Bh3 Rf7 32. Qc8 Rf6 33. Rd1 Qf7 34. Rd8 Kh7 35. Kg1 Qe6 36. Bxf5+ Qxf5 0-1

[Event "33rd Pula Open 2019"]
[Site "Pula"]
[Date "2019.06.27"]
[Round "7.4"]
[White "Maier, Christian"]
[Black "Berezjuk, Sergej"]
[Result "1/2-1/2"]
[ECO "C42"]
[WhiteElo "2299"]
[BlackElo "2411"]
[Annotator "NA"]
[PlyCount "67"]
[EventDate "2019.06.22"]
[EventType "swiss"]
[EventCountry "CRO"]
[SourceTitle "playchess.com"]
[Source "ChessBase"]
[SourceQuality "1"]
[TimeControl "5400+30"]

1. e4 e5 2. Nf3 Nf6 3. Nc3 Bb4 4. Nxe5 O-O 5. Nd3 Bxc3 6. dxc3 Nxe4 7. Be2 d5 8. O-O Nd7 9. Bf4 Nb6 10. Re1 c6 11. f3 Ng5 12. Bf1 h6 13. Bg3 Nc4 14. b3 Nd6 15. Qd2 Bf5 16. Rad1 Bh7 17. Ne5 Nf5 18. Bf2 Qc7 19. c4 Rad8 20. cxd5 Rxd5 21. Qc3 Rxd1 22. Rxd1 f6 23. Nd3 b6 24. Nb4 c5 25. Nd5 Qb7 26. Qc4 Kh8 27. h4 Nf7 28. Nf4 Ne5 29. Qd5 Qxd5 30. Rxd5 Ne7 31. Rd2 Bf5 32. h5 N7c6 33. c3 Rd8 34. Rxd8+ 1/2-1/2

[Event "33rd Pula Open 2019"]
[Site "Pula"]
[Date "2019.06.27"]
[Round "7.5"]
[White "Beletic, Daniel"]
[Black "Pecnik, Leo"]
[Result "1/2-1/2"]
[ECO "A14"]
[WhiteElo "2380"]
[BlackElo "2334"]
[Annotator "NA"]
[PlyCount "86"]
[EventDate "2019.06.22"]
[EventType "swiss"]
[EventCountry "CRO"]
[SourceTitle "playchess.com"]
[Source "ChessBase"]
[SourceQuality "1"]
[TimeControl "5400+30"]

1. c4 e6 2. Nf3 d5 3. g3 Nf6 4. Bg2 Be7 5. O-O O-O 6. b3 a5 7. Nc3 c6 8. e3 Nbd7 9. Bb2 Nc5 10. Rb1 Nd3 11. Ba1 e5 12. cxd5 cxd5 13. Ne1 Nb4 14. d3 Re8 15. a3 Nc6 16. Nc2 Bg4 17. Qd2 Qd7 18. Rfe1 Bh3 19. Bh1 Bf8 20. b4 axb4 21. Nxb4 Be6 22. Nc2 h5 23. Rb5 Rab8 24. Reb1 h4 25. Qc1 Na7 26. R5b2 Rec8 27. Qd2 Qc7 28. Ne2 Nc6 29. Rb5 Bd7 30. R5b3 Bf5 31. Ne1 Rd8 32. Nf3 hxg3 33. hxg3 d4 34. exd4 e4 35. dxe4 Bxe4 36. Rc1 Qd7 37. Qg5 Nh7 38. Qh4 Bd5 39. Re3 Be7 40. Qh2 Bg5 41. Nxg5 Nxg5 42. Nf4 Bxh1 43. Qxh1 Nxd4 1/2-1/2

[Event "33rd Pula Open 2019"]
[Site "Pula"]
[Date "2019.06.27"]
[Round "7.6"]
[White "Fercec, Nenad"]
[Black "Tisaj, Domen"]
[Result "1/2-1/2"]
[ECO "B32"]
[WhiteElo "2446"]
[BlackElo "2232"]
[Annotator "NA"]
[PlyCount "88"]
[EventDate "2019.06.22"]
[EventType "swiss"]
[EventCountry "CRO"]
[SourceTitle "playchess.com"]
[Source "ChessBase"]
[SourceQuality "1"]
[TimeControl "5400+30"]

1. e4 c5 2. Nf3 Nc6 3. d4 cxd4 4. Nxd4 e5 5. Nb5 d6 6. N1c3 a6 7. Na3 Be7 8. Nc4 b5 9. Ne3 Nf6 10. Bd3 O-O 11. O-O Rb8 12. a4 Nb4 13. axb5 axb5 14. Be2 Be6 15. Bf3 Nc6 16. Ncd5 Nd4 17. Nxf6+ Bxf6 18. Bg4 b4 19. Qd3 Bg5 20. Bxe6 fxe6 21. Bd2 Qc7 22. Ra6 Bxe3 23. Bxe3 Qxc2 24. Qxc2 Nxc2 25. Bg5 d5 26. Rxe6 dxe4 27. Rxe5 h6 28. Bc1 Rfe8 29. Rxe8+ Rxe8 30. Rd1 b3 31. Kf1 Kf7 32. Ke2 Ke6 33. Bf4 Rc8 34. g4 Nb4 35. Rd6+ Ke7 36. Rd4 Rc2+ 37. Ke3 Nc6 38. Rxe4+ Kf7 39. Be5 Nxe5 40. Rxe5 Rxb2 41. Rb5 Rb1 42. h4 b2 43. Kf4 Rh1 44. Rxb2 Rxh4 1/2-1/2

[Event "33rd Pula Open 2019"]
[Site "Pula"]
[Date "2019.06.27"]
[Round "7.7"]
[White "Zufic, Miroslav"]
[Black "Suta, Andraz"]
[Result "1/2-1/2"]
[ECO "C67"]
[WhiteElo "2380"]
[BlackElo "2195"]
[Annotator "NA"]
[PlyCount "111"]
[EventDate "2019.06.22"]
[EventType "swiss"]
[EventCountry "CRO"]
[SourceTitle "playchess.com"]
[Source "ChessBase"]
[SourceQuality "1"]
[TimeControl "5400+30"]

1. e4 e5 2. Nf3 Nc6 3. Bb5 Nf6 4. O-O Nxe4 5. Re1 Nd6 6. Nxe5 Nxe5 7. Rxe5+ Be7 8. Bf1 O-O 9. d4 Bf6 10. Re1 Nf5 11. d5 b6 12. c4 a5 13. Nc3 Bxc3 14. bxc3 d6 15. Bd3 Re8 16. Bg5 Rxe1+ 17. Qxe1 f6 18. Bd2 Bd7 19. Qb1 g6 20. Qd1 Qf8 21. Qf3 Re8 22. h3 Nh4 23. Qg3 Nf5 24. Qf4 Re5 25. g4 g5 26. Qf3 Nh4 27. Qg3 Qe7 28. Kf1 Ng6 29. Be3 Qg7 30. Re1 f5 31. gxf5 Bxf5 32. Bxf5 Rxf5 33. Bxg5 Ne5 34. Bf4 Qxg3 35. fxg3 Nxc4 36. Re8+ Kf7 37. Rh8 Ne3+ 38. Ke2 Kg7 39. Rc8 Nxd5 40. Bd2 Rf7 41. c4 Nf6 42. Bc3 Re7+ 43. Kf3 Kf7 44. Rh8 Ke6 45. g4 Nd7 46. g5 Kf5 47. h4 Rf7 48. Rg8 Ne5+ 49. Bxe5 dxe5 50. Re8 Kg6+ 51. Kg3 Kf5 52. Kf3 h6 53. gxh6 Kg6+ 54. Kg3 Kxh6 55. Rxe5 Rf6 56. c5 1/2-1/2

[Event "33rd Pula Open 2019"]
[Site "Pula"]
[Date "2019.06.27"]
[Round "7.8"]
[White "Biti, Ozren"]
[Black "Medancic, Rikard"]
[Result "1-0"]
[ECO "C55"]
[WhiteElo "2374"]
[BlackElo "2167"]
[Annotator "NA"]
[PlyCount "83"]
[EventDate "2019.06.22"]
[EventType "swiss"]
[EventCountry "CRO"]
[SourceTitle "playchess.com"]
[Source "ChessBase"]
[SourceQuality "1"]
[TimeControl "5400+30"]

1. e4 e5 2. Nf3 Nc6 3. Bc4 Nf6 4. d3 Be7 5. O-O O-O 6. Re1 d6 7. a4 h6 8. c3 Nh7 9. a5 a6 10. Be3 Bg5 11. Nbd2 Bxe3 12. Rxe3 Kh8 13. Qb3 f5 14. exf5 Rxf5 15. Be6 Bxe6 16. Qxe6 Rf6 17. Qb3 Rb8 18. d4 exd4 19. cxd4 d5 20. Qc3 Rf7 21. Rae1 Nf6 22. h3 Kg8 23. b4 Qd6 24. Ne5 Rff8 25. Nd3 Rbe8 26. Nc5 Rxe3 27. Rxe3 Nd8 28. Nf3 Re8 29. Ne5 b6 30. axb6 Qxb6 31. Ned7 Rxe3 32. Qxe3 Nxd7 33. Qe8+ Nf8 34. Qxd8 Qxb4 35. Qxd5+ Kh8 36. Qf7 Qb8 37. Nxa6 Qc8 38. Nxc7 Kh7 39. Ne8 Ne6 40. g3 Qc1+ 41. Kh2 Qc4 42. Nf6+ 1-0

[Event "33rd Pula Open 2019"]
[Site "Pula"]
[Date "2019.06.27"]
[Round "7.9"]
[White "Urh, Zala"]
[Black "Filipovic, Branko"]
[Result "1-0"]
[ECO "C10"]
[WhiteElo "2127"]
[BlackElo "2371"]
[Annotator "NA"]
[PlyCount "77"]
[EventDate "2019.06.22"]
[EventType "swiss"]
[EventCountry "CRO"]
[SourceTitle "playchess.com"]
[Source "ChessBase"]
[SourceQuality "1"]
[TimeControl "5400+30"]

1. d4 e6 2. e4 d5 3. Nc3 Nc6 4. e5 f6 5. exf6 Nxf6 6. f4 Bb4 7. Nf3 Ne4 8. Bd2 Qf6 9. Bb5 Nxd2 10. Qxd2 O-O 11. g3 a6 12. Be2 Ba5 13. O-O-O b5 14. Qe3 Bb6 15. Rhe1 Bd7 16. Bf1 Rae8 17. Bh3 h6 18. Qg1 Bc8 19. Kb1 Qd8 20. Ne5 Na5 21. Ne2 Nc4 22. Nc1 a5 23. Ncd3 Qd6 24. g4 g5 25. fxg5 hxg5 26. Bg2 a4 27. h4 gxh4 28. g5 Kg7 29. Bh3 Ba5 30. Re2 a3 31. b3 Bc3 32. Qg4 Nb2 33. Nxb2 axb2 34. Qh5 Qe7 35. Ng6 Rh8 36. Qxh8+ Rxh8 37. Nxe7 Bd7 38. Nxd5 exd5 39. Re7+ 1-0

[Event "33rd Pula Open 2019"]
[Site "Pula"]
[Date "2019.06.27"]
[Round "7.10"]
[White "Bochnicka, Vladimir"]
[Black "Jelen, Igor"]
[Result "0-1"]
[ECO "B30"]
[WhiteElo "2169"]
[BlackElo "2353"]
[Annotator "NA"]
[PlyCount "78"]
[EventDate "2019.06.22"]
[EventType "swiss"]
[EventCountry "CRO"]
[SourceTitle "playchess.com"]
[Source "ChessBase"]
[SourceQuality "1"]
[TimeControl "5400+30"]

1. e4 c5 2. Nf3 Nc6 3. Nc3 e5 4. Bc4 Be7 5. d3 Nf6 6. O-O O-O 7. Ng5 h6 8. f4 exf4 9. Nf3 d6 10. Bxf4 Be6 11. Nd5 Nb4 12. Nxe7+ Qxe7 13. Bxe6 fxe6 14. Bxd6 Qxd6 15. e5 Qd5 16. exf6 Rxf6 17. Re1 Nc6 18. Re4 Raf8 19. Qe2 Ne7 20. Re5 Qd6 21. Qe3 Nd5 22. Qe4 Nf4 23. Rf1 Ng6 24. Rh5 Qb6 25. Kh1 Qxb2 26. Rxc5 b6 27. Rc6 Qxa2 28. Re1 Nf4 29. Nd4 Qa5 30. h3 Re8 31. Rf1 Nh5 32. Rf3 Rxf3 33. Qxf3 Qe1+ 34. Kh2 Qe5+ 35. g3 Qxd4 36. Qxh5 Qf2+ 37. Kh1 Qf1+ 38. Kh2 Rf8 39. g4 Qe2+ 0-1

[Event "33rd Pula Open 2019"]
[Site "Pula"]
[Date "2019.06.27"]
[Round "7.11"]
[White "Kyc, Jerzy"]
[Black "Blagojevic, Marijan"]
[Result "1-0"]
[ECO "B44"]
[WhiteElo "2279"]
[BlackElo "2192"]
[Annotator "NA"]
[PlyCount "77"]
[EventDate "2019.06.22"]
[EventType "swiss"]
[EventCountry "CRO"]
[SourceTitle "playchess.com"]
[Source "ChessBase"]
[SourceQuality "1"]
[TimeControl "5400+30"]

1. e4 c5 2. Nf3 Nc6 3. d4 cxd4 4. Nxd4 e6 5. Nb5 d6 6. c4 a6 7. N5a3 Nf6 8. Nc3 Be7 9. Be2 O-O 10. O-O Qc7 11. Be3 Nd7 12. Rc1 Nc5 13. f4 b6 14. Bf3 Bb7 15. Qd2 Rac8 16. g4 Qb8 17. Nc2 Na5 18. Qe2 Nd7 19. Na3 Rfe8 20. g5 d5 21. cxd5 exd5 22. Bg4 Rcd8 23. e5 b5 24. Nc2 Nc4 25. Bd4 Bc5 26. Bxd7 Bxd4+ 27. Nxd4 Rxd7 28. Qf2 b4 29. Na4 Rc7 30. b3 Na5 31. Nf5 Bc6 32. Nc5 Bb5 33. Rfd1 Rd8 34. Nd6 Qa8 35. Qd4 Be2 36. Re1 Bf3 37. Qxb4 Nc6 38. Qb6 Ra7 39. Ncb7 1-0

[Event "33rd Pula Open 2019"]
[Site "Pula"]
[Date "2019.06.27"]
[Round "7.12"]
[White "Klaric, Zoran"]
[Black "Petran, Peter"]
[Result "0-1"]
[ECO "A03"]
[WhiteElo "2086"]
[BlackElo "2246"]
[Annotator "NA"]
[PlyCount "90"]
[EventDate "2019.06.22"]
[EventType "swiss"]
[EventCountry "CRO"]
[SourceTitle "playchess.com"]
[Source "ChessBase"]
[SourceQuality "1"]
[TimeControl "5400+30"]

1. f4 c5 2. b3 Nf6 3. Nf3 Nc6 4. Bb2 d5 5. e3 a6 6. Be2 g6 7. O-O Bg7 8. Ne5 Bd7 9. d3 O-O 10. Nd2 Nxe5 11. fxe5 Ne8 12. Bf3 Nc7 13. c4 Be6 14. Qe2 Rb8 15. d4 b5 16. cxd5 Nxd5 17. Ne4 cxd4 18. exd4 Bf5 19. Nc5 a5 20. g4 Be6 21. Qd2 Qb6 22. Rac1 Rbd8 23. Rfe1 b4 24. g5 Bf5 25. Qe2 e6 26. h4 Rfe8 27. Na4 Qa7 28. Rc6 Nf4 29. Qe3 Nd3 30. Rd1 Nxe5 31. Rc5 Nxf3+ 32. Qxf3 Rd7 33. Qc6 Red8 34. Qb6 Qa8 35. d5 Rxd5 36. Rcxd5 exd5 37. Bxg7 Kxg7 38. Qf6+ Kg8 39. h5 Qb8 40. Kg2 Be4+ 41. Kh3 gxh5 42. Rf1 Qc8+ 43. Kh2 Qc7+ 44. Kh3 Qd7+ 45. Kh2 Rc8 0-1

[Event "33rd Pula Open 2019"]
[Site "Pula"]
[Date "2019.06.27"]
[Round "7.13"]
[White "Jurman, Pjerino"]
[Black "Jazdanovs, Aleksandrs"]
[Result "0-1"]
[ECO "A57"]
[WhiteElo "1936"]
[BlackElo "2232"]
[Annotator "NA"]
[PlyCount "92"]
[EventDate "2019.06.22"]
[EventType "swiss"]
[EventCountry "CRO"]
[SourceTitle "playchess.com"]
[Source "ChessBase"]
[SourceQuality "1"]
[TimeControl "5400+30"]

1. d4 Nf6 2. c4 c5 3. d5 b5 4. Nc3 b4 5. Na4 e6 6. Bg5 h6 7. Bxf6 Qxf6 8. e4 Qg6 9. Qd3 d6 10. Ne2 e5 11. b3 Nd7 12. Nb2 Be7 13. g3 O-O 14. Nd1 Nf6 15. Bg2 Nh5 16. Ne3 Nf4 17. gxf4 exf4 18. Nxf4 Qf6 19. O-O Qxf4 20. Rfe1 Bf6 21. Rac1 Bc3 22. Rxc3 bxc3 23. Qxc3 Re8 24. b4 cxb4 25. Qxb4 Bd7 26. c5 Reb8 27. Qa3 dxc5 28. Nc4 Rb4 29. Qc3 Rab8 30. Ne5 Qf6 31. f4 Rb1 32. Qg3 Ba4 33. Rf1 Qa6 34. Ng4 Rxf1+ 35. Bxf1 Rb1 36. Ne3 Bb5 37. Qf3 Bxf1 38. Nxf1 Qxa2 39. e5 Qb3 40. Qg4 Qe3+ 41. Kg2 Qe4+ 42. Kg1 Qd4+ 43. Kg2 Qxd5+ 44. Kf2 Qa2+ 45. Kg1 Qa6 46. Qf3 Qxf1+ 0-1

[Event "33rd Pula Open 2019"]
[Site "Pula"]
[Date "2019.06.27"]
[Round "7.14"]
[White "Rubil, Marko"]
[Black "Jakrlin, Mihael"]
[Result "1-0"]
[ECO "C11"]
[WhiteElo "2226"]
[BlackElo "1925"]
[Annotator "NA"]
[PlyCount "95"]
[EventDate "2019.06.22"]
[EventType "swiss"]
[EventCountry "CRO"]
[SourceTitle "playchess.com"]
[Source "ChessBase"]
[SourceQuality "1"]
[TimeControl "5400+30"]

1. e4 Nf6 2. Nc3 d5 3. e5 Nfd7 4. d4 c5 5. dxc5 e6 6. f4 Bxc5 7. Qf3 Nc6 8. Bd3 Nb4 9. Nge2 O-O 10. Bd2 f6 11. exf6 Nxf6 12. Na4 Nxd3+ 13. Qxd3 Bd6 14. O-O-O b5 15. Qxb5 Rb8 16. Qd3 Bd7 17. Nac3 Ng4 18. Be3 Qa5 19. Bd4 Qb4 20. b3 Nf6 21. Rhf1 a5 22. g4 Qa3+ 23. Kb1 a4 24. Nc1 axb3 25. cxb3 Ba4 26. Nxa4 Qxa4 27. Bb2 Qe4 28. Bxf6 Qxd3+ 29. Nxd3 gxf6 30. Rfe1 Rfe8 31. Rc1 Rb6 32. g5 Kf7 33. gxf6 Kxf6 34. Re2 Kf5 35. Rg1 Re7 36. Rg5+ Kf6 37. Rg8 Kf7 38. Reg2 e5 39. R8g7+ Ke6 40. Rxe7+ Bxe7 41. fxe5 Bf8 42. Rf2 Be7 43. Kb2 d4 44. b4 Kd5 45. Kb3 Ke4 46. Rf7 Bg5 47. Nc5+ Ke3 48. e6 1-0

[Event "33rd Pula Open 2019"]
[Site "Pula"]
[Date "2019.06.27"]
[Round "7.15"]
[White "Purgar, Ivona"]
[Black "Grishchenko, Sergey"]
[Result "0-1"]
[ECO "B16"]
[WhiteElo "2194"]
[BlackElo "2411"]
[Annotator "NA"]
[PlyCount "58"]
[EventDate "2019.06.22"]
[EventType "swiss"]
[EventCountry "CRO"]
[SourceTitle "playchess.com"]
[Source "ChessBase"]
[SourceQuality "1"]
[TimeControl "5400+30"]

1. e4 c6 2. d4 d5 3. Nc3 dxe4 4. Nxe4 Nf6 5. Nxf6+ gxf6 6. Bc4 Bf5 7. Bf4 Nd7 8. Nf3 Nb6 9. Bb3 a5 10. a4 Nd5 11. Bg3 e6 12. O-O Be7 13. Re1 Qb6 14. Nh4 Bg6 15. c4 Nb4 16. Nxg6 hxg6 17. c5 Qa6 18. Re3 Rd8 19. Qg4 Nd5 20. Bxd5 Rxd5 21. Qf4 O-O 22. Qc7 Bd8 23. Qf4 Qc4 24. Qh6 Qxd4 25. Bd6 Re8 26. Rae1 Rh5 27. Qf4 Qxf4 28. Bxf4 Rxc5 29. b3 Rd5 0-1

[Event "33rd Pula Open 2019"]
[Site "Pula"]
[Date "2019.06.28"]
[Round "8.4"]
[White "Petran, Peter"]
[Black "Beletic, Daniel"]
[Result "0-1"]
[ECO "A25"]
[WhiteElo "2246"]
[BlackElo "2380"]
[Annotator "NA"]
[PlyCount "59"]
[EventDate "2019.06.22"]
[EventType "swiss"]
[EventCountry "CRO"]
[SourceTitle "playchess.com"]
[Source "ChessBase"]
[SourceQuality "1"]
[TimeControl "5400+30"]

1. g3 e5 2. c4 Nc6 3. Bg2 Nf6 4. Nc3 Bc5 5. e3 d5 6. Nxd5 Nxd5 7. cxd5 Nb4 8. Ne2 Nd3+ 9. Kf1 Qf6 10. f3 O-O 11. Nc3 Bf5 12. Qe2 e4 13. Kg1 exf3 14. Bxf3 Rfe8 15. Qf1 Qh6 16. g4 Qg6 17. h3 h5 18. Rh2 Ne5 19. Rg2 hxg4 20. hxg4 Bd3 21. Be2 Rad8 22. Bxd3 Nxd3 23. Qf5 Qa6 24. Ne4 Qc4 25. Ng5 Qxd5 26. Qxd5 Rxd5 27. Nf3 Bb6 28. Kf1 Rc5 29. Kg1 Rd5 30. Kf1 0-1

[Event "33rd Pula Open 2019"]
[Site "Pula"]
[Date "2019.06.28"]
[Round "8.5"]
[White "Jazdanovs, Aleksandrs"]
[Black "Biti, Ozren"]
[Result "1/2-1/2"]
[ECO "C41"]
[WhiteElo "2232"]
[BlackElo "2374"]
[Annotator "NA"]
[PlyCount "103"]
[EventDate "2019.06.22"]
[EventType "swiss"]
[EventCountry "CRO"]
[SourceTitle "playchess.com"]
[Source "ChessBase"]
[SourceQuality "1"]
[TimeControl "5400+30"]

1. e4 d6 2. d4 Nf6 3. Nc3 e5 4. Nf3 Nbd7 5. Bc4 Be7 6. a4 O-O 7. O-O a5 8. Re1 c6 9. h3 exd4 10. Qxd4 Nc5 11. Bf4 Ne8 12. Rad1 Ne6 13. Bxe6 fxe6 14. Qe3 Qc7 15. Bg5 e5 16. Bxe7 Qxe7 17. Rd3 Be6 18. Red1 Kh8 19. b3 Bf7 20. Ne2 Bg6 21. Ng3 h6 22. c4 c5 23. Nd2 Ra6 24. Nb1 Nc7 25. Nf5 Bxf5 26. exf5 Ne8 27. g4 Rb6 28. Nd2 Nf6 29. Ne4 Nxe4 30. Qxe4 Qf6 31. Qe3 Ra6 32. Qd2 Rd8 33. Rd5 Qh4 34. Kg2 h5 35. f3 Rb6 36. Rd3 e4 37. fxe4 hxg4 38. Rg3 d5 39. Rxg4 Qh5 40. Qxa5 Rdd6 41. Qc3 d4 42. Qg3 Rh6 43. Rd2 Qf7 44. Rf2 Rbf6 45. Rg5 g6 46. Rxg6 Rhxg6 47. fxg6 Rxf2+ 48. Qxf2 Qxg6+ 49. Kf3 Qh5+ 50. Kg3 Qg6+ 51. Kf3 Qh5+ 52. Kg3 1/2-1/2